 Dungeon Crawl Stone Soup version 0.32-a0-473-gd044c6f0f0 (webtiles) character file.

Game seed: 734979160625090220

4 runemasterragnar the Slasher (level 1, -3/16 HPs)
             Began as a Coglin Gladiator on Feb 25, 2024.
             Slain by a goblin
             ... wielding a +0 club
              (4 damage)
             ... on level 1 of the Dungeon.
             The game lasted 00:00:11 (90 turns).

runemasterragnar the Slasher (Coglin Gladiator)       Turns: 90, Time: 00:00:11

Health: -3/16      AC:  4    Str: 14    XL:     1   Next: 70%
Magic:  1/1        EV: 12    Int:  7    God:
Gold:   2          SH:  0    Dex: 15    Spells: 0/0 levels left

rFire   . . .        a - +0 long sword {Bianca}
rCold   . . .        (no shield)
rNeg    . . .        b - +0 leather armour
rPois   .            c - +0 helmet
rElec   .            (no cloak)
rCorr   .            (no gloves)
SInv    .            (no boots)
Will    .....        (no amulet)
Stlth   +            (ring unavailable)
HPRegen 0.22/turn    (ring unavailable)
MPRegen 0.07/turn

%: no passive effects
@: revved
A: off-hand wielding, slow wielding, warmup strikes, no rings
a: no special abilities


You were on level 1 of the Dungeon.
You visited 1 branch of the dungeon, and saw 1 of its levels.

You collected 2 gold pieces.

Inventory:

Hand Weapons
 a - a +0 long sword (weapon) {Bianca}
Missiles
 d - 3 throwing nets (quivered)
 e - a javelin
Armour
 b - a +0 leather armour (worn)
 c - a +0 helmet (worn)
Scrolls
 f - a scroll of fog {unknown}
Potions
 g - a potion of haste {unknown}


   Skills:
 + Level 2.1 Fighting
 * Level 3.2 Long Blades
 - Level 1.7 Throwing
 - Level 2.6 Dodging


You couldn't memorise any spells.
You didn't know any spells.
Your spell library was empty.

Dungeon Overview and Level Annotations

Branches:
Dungeon (1/15)

Altars:


Innate Abilities, Weirdness & Mutations

You can wield a second weapon in your off-hand.
It takes a long time for you to wield or remove held weapons.
Your first few attacks do less damage.
Your grasper-arms cannot wear rings.


Message History

You hit the goblin.
The goblin is moderately wounded.
The goblin closely misses you.
You hit the goblin but do no damage.
The goblin is moderately wounded.
The goblin closely misses you. The rat bites you. The rat barely misses you.
The goblin hits you with a +0 club. The hobgoblin closely misses you.
You hit the hobgoblin.
The hobgoblin is moderately wounded.
The rat bites you.
The hobgoblin hits you but does no damage.
The goblin barely misses you.
There are monsters nearby!
You slash the hobgoblin!
You kill the hobgoblin!
The rat barely misses you. The rat bites you but does no damage.
The goblin closely misses you.
You barely miss the rat. The rat barely misses you. The rat closely misses you.
The goblin closely misses you.
Unknown command.
You barely miss the rat. The rat bites you. The goblin hits you with a +0 club.
The rat barely misses you.
The rat bites you but does no damage. x2
The goblin closely misses you.
You are too injured to fight recklessly!
You are too injured to fight recklessly!
You are too injured to fight recklessly!
You miss the goblin. The rat bites you but does no damage.
The rat barely misses you.
A goblin comes into view. It is wielding a +0 dagger.
The goblin barely misses you.
You closely miss the goblin. The rat bites you.
* * * LOW HITPOINT WARNING * * *
The rat closely misses you. The goblin hits you with a +0 club.
* * * LOW HITPOINT WARNING * * *
Unknown command.
You closely miss the goblin.
A kobold comes into view. It is wielding a +0 dagger.
The rat misses you. The rat barely misses you.
The goblin hits you with a +0 club.
You die...

###.#.....####..... K..
...............#### ...
..........##†...## ....
..#....#.###.#..# .#...
# #.$.....##..#.#
#....#####.............#
...............######...
.g....†r.......... ....
#....r@..#.........##..
#.....g...#......### ..
.................# ..
..........#.....## ..
..........#.....# ..
########### ....# ...


You could see 2 goblins, a kobold (wandering) and 2 rats.

Vanquished Creatures
  A hobgoblin (D:1)
  3 ball pythons (D:1)
  A rat (D:1)
5 creatures vanquished.

Notes
Turn   | Place    | Note
-------+----------+-------------------------------------------
     0 | D:1      | runemasterragnar the Coglin Gladiator began the quest for
                  | the Orb.
     0 | D:1      | Reached XP level 1. HP: 16/16 MP: 1/1
    90 | D:1      | Slain by a goblin

Illustrated notes

Levels and vault maps discovered:
D:1:      ncdulo_smallfort, layout_rooms, minmay_gold_behind_fungi,
          minmay_misc_feat_pillars

Action                     || total
---------------------------++-------
  Melee: Long sword        ||    16
 Armour: Leather armour    ||    18
  Dodge: Dodged            ||    19

Table legend: (Time is in decaauts)
 A = Elapsed time spent in this place.
 B = Non-inter-level travel time spent in this place.
 C = Inter-level travel time spent in this place.
 D = Time resting spent in this place.
 E = Time spent auto-exploring this place.
 F = Levels seen in this place.
 G = Mean time per level.
                   A        B        C        D        E       F      G
               +--------+--------+--------+--------+--------+-----+--------+
         Total |     93 |     93 |      0 |      0 |     57 |   1 |   93.0 |
       Dungeon |     93 |     93 |      0 |      0 |     57 |   1 |   93.0 |
               +--------+--------+--------+--------+--------+-----+--------+

Top non-repeatable levels by time:
     D:1: 93 daAuts
